 Dungeon Crawl Stone Soup version 0.25.1-2-g60ff931df9 (webtiles) character file.

Game seed: 841886539269194537

6650 Erymatos the Cleaver (level 10, -3/93 HPs)
             Began as a Minotaur Berserker on Nov 11, 2020.
             Was a High Priest of Trog.
             Slain by a shadow (31 damage)
             ... on level 10 of the Dungeon.
             The game lasted 00:13:08 (9127 turns).

Erymatos the Cleaver (Minotaur Berserker)           Turns: 9127, Time: 00:13:09

Health: -3/93      AC: 11    Str: 24    XL:     10   Next: 72%
Magic:  9/9        EV: 16    Int:  4    God:    Trog [*****.]
Gold:   237        SH:  0    Dex: 19    Spells: 9/9 levels left

rFire    . . .     SeeInvis .   b - +9 mace "Toiv" {elec, *Noise rElec MR+ Dex+2}
rCold    . . .     Gourm    .   (no shield)
rNeg     + . .     Faith    .   l - +0 ring mail
rPois    .         Spirit   .   (helmet restricted)
rElec    +         Reflect  .   B - +0 cloak
rCorr    .         Harm     .   D - +0 pair of gloves
MR       +....                  n - +0 pair of boots
Stlth    +.........             (no amulet)
HPRegen  0.25/turn              f - +6 ring of dexterity
MPRegen  0.11/turn              y - ring of positive energy

@: lethally poisoned (-3 -> -10)
A: retaliatory headbutt, horns 2
a: Berserk, Trog's Hand, Brothers in Arms, Renounce Religion


You were on level 10 of the Dungeon.
You worshipped Trog.
Trog was extremely pleased with you.
You were hungry.

You visited 1 branch of the dungeon, and saw 10 of its levels.

You collected 405 gold pieces.
You spent 168 gold pieces at shops.

Inventory:

Hand Weapons
 b - the +9 mace "Toiv" (weapon) {elec, *Noise rElec MR+ Dex+2}
   (You bought it in a shop on level 9 of the Dungeon)

   Occasionally, upon striking a foe, it will discharge some electrical energy
   and cause terrible harm.
   It affects your dexterity (+2).
   It insulates you from electricity.
   It affects your resistance to hostile enchantments.
   It may make noises in combat.
 E - a +1 war axe of electrocution
Armour
 l - a +0 ring mail (worn)
 n - a +0 pair of boots (worn)
 B - a +0 cloak (worn)
 D - a +0 pair of gloves (worn)
Jewellery
 f - a +6 ring of dexterity (left hand)
 y - a ring of positive energy (right hand)
Wands
 a - a wand of polymorph (10)
 w - a wand of iceblast (1)
 z - a wand of acid (17)
 I - a wand of clouds (4)
Scrolls
 g - 2 scrolls of immolation {unknown}
 i - 9 scrolls of identify
 p - a scroll of fog {unknown}
 q - 3 scrolls of remove curse
 r - 2 scrolls of magic mapping
 s - 2 scrolls of blinking {unknown}
 t - 5 scrolls of amnesia {unknown}
 u - 2 scrolls of enchant armour {unknown}
 v - a scroll of noise {unknown}
 C - a scroll of random uselessness {unknown}
 F - a scroll of fear {unknown}
Potions
 d - 2 potions of heal wounds {unknown}
 e - a potion of flight {unknown}
 h - a potion of cancellation {unknown}
 j - 3 potions of brilliance {unknown}
 k - 4 potions of magic {unknown}
 m - 3 potions of lignification {unknown}
 o - 4 potions of curing {unknown}
 x - a potion of berserk rage {unknown}
 A - a potion of ambrosia {unknown}
 G - a potion of degeneration {unknown}
 H - 2 potions of haste {unknown}
Comestibles
 c - 20 rations


   Skills:
 + Level 9.8 Fighting
 + Level 13.4 Axes
 + Level 0.1(8.9) Maces & Flails
 + Level 8.7 Armour
 + Level 6.9 Dodging


You had 9 spell levels left.
You didn't know any spells.
Your spell library was empty.

Dungeon Overview and Level Annotations

Branches:
Dungeon (10/15)            Temple (0/1) D:6
   Lair: D:8-11         Orc: D:9-12

Altars:
Cheibriados
Dithmenos
Elyvilon
Gozag
Kikubaaqudgha
Nemelex Xobeh
Okawaru
Sif Muna
Vehumet

Shops:
D:7 :   D:9 (

Annotations:
D:6 1 runed translucent door


Innate Abilities, Weirdness & Mutations

You reflexively headbutt those who attack you in melee.
You have a pair of horns on your head.


Message History

Your mace "Toiv" calls out a warning!
You kill the killer bee!
Trog accepts your kill.
You feel sick.
You hear a shout!
The killer bee misses you.
The shadow slips into darkness.
The shadow flickers and vanishes!
Deactivating autopickup; reactivate with Ctrl-A.
The troll bites you. The troll misses you. x2
You sock the worker ant!
Lightning courses through the worker ant!
You kill the worker ant!
Trog accepts your kill.
You feel sick. The killer bee barely misses you. You furiously retaliate!
You headbutt the killer bee! The killer bee misses you.
You furiously retaliate!
You headbutt the killer bee, but do no damage.
The shadow strikes at you from the darkness!
You die...

.. ## # .$# ..
.## ....
.##..##
..#.####.......
...............
............#
#..††{...#
#.†@?...#
#.yT†...#
#.......#
#.......#
###..##.# ##.#
..# .. .# ## #


You could see a troll and a killer bee.

Vanquished Creatures
  A two-headed ogre (D:9)
  A centaur zombie (D:9)
  2 gargoyles
  2 hornets (D:8)
  Prince Ribbit (D:8)
  A hippogriff (D:7)
  Eustachio (D:4)
  3 yaks (D:9)
  A hungry ghost (D:8)
  A water moccasin (D:8)
  3 orc warriors
  A black bear (D:9)
  4 ogres
  4 sky beasts
  2 ice beasts
  A centaur (D:7)
  A crocodile (D:9)
  Blork the orc (D:6)
  3 bullfrogs
  5 killer bees
  3 wights (D:7)
  4 howler monkeys
  4 crimson imps
  A quasit (D:9)
  2 hounds
  4 orc priests
  2 jellies
  A bullfrog zombie (D:5)
  A centaur skeleton (D:7)
  2 iguanas (D:4)
  5 orc wizards
  12 worker ants
  2 hound skeletons
  2 worker ant zombies
  4 gnolls (D:3)
  A howler monkey skeleton (D:7)
  12 adders
  5 shadow imps
  3 oozes (D:2)
  2 adder zombies
  2 adder skeletons
  A worm (D:3)
  7 dart slugs
  7 leopard geckos
  34 orcs
  A ball python (D:1)
  14 bats
  16 giant cockroaches
  5 goblins
  5 hobgoblins
  5 jackals
  11 kobolds
  5 quokkas
  A ball python skeleton (D:4)
  A ball python zombie (D:5)
  6 frilled lizards
  A jackal skeleton (D:5)
  A quokka zombie (D:9)
  7 rats
  A butterfly (D:6)
242 creatures vanquished.

Vanquished Creatures (others)
  5 toadstools (D:2)
5 creatures vanquished.

Grand Total: 247 creatures vanquished

Notes
Turn   | Place    | Note
-------+----------+-------------------------------------------
     0 | D:1      | Erymatos the Minotaur Berserker began the quest for the
                  | Orb.
     0 | D:1      | Reached XP level 1. HP: 19/19 MP: 0/0
    66 | D:1      | Reached XP level 2. HP: 27/27 MP: 1/1
    73 | D:1      | Reached skill level 4 in Axes
   473 | D:1      | Reached XP level 3. HP: 33/33 MP: 2/2
  1055 | D:2      | Reached ** piety under Trog
  1058 | D:2      | Found an iron altar of Okawaru.
  1111 | D:2      | Reached XP level 4. HP: 32/41 MP: 3/3
  1280 | D:2      | Reached skill level 5 in Axes
  1649 | D:2      | Found a snail-covered altar of Cheibriados.
  2121 | D:3      | Reached XP level 5. HP: 38/47 MP: 4/4
  2128 | D:3      | Noticed a sky beast
  2133 | D:3      | Killed a sky beast
  2290 | D:3      | Found an ancient bone altar of Kikubaaqudgha.
  2290 | D:3      | Found an opulent altar of Gozag.
  2295 | D:3      | Found a shadowy altar of Dithmenos.
  2298 | D:3      | Found a faded altar of an unknown god.
  2299 | D:3      | Found a sparkling altar of Nemelex Xobeh.
  2301 | D:3      | Reached skill level 6 in Axes
  2403 | D:3      | Reached skill level 5 in Fighting
  2403 | D:3      | Reached XP level 6. HP: 56/56 MP: 5/5
  2503 | D:3      | Reached *** piety under Trog
  3475 | D:4      | Noticed Eustachio
  3486 | D:4      | Killed Eustachio
  3486 | D:4      | Reached skill level 7 in Axes
  3486 | D:4      | Reached XP level 7. HP: 61/61 MP: 6/6
  3502 | D:4      | Reached skill level 5 in Armour
  4412 | D:5      | Entered Level 5 of the Dungeon
  4939 | D:5      | Found a radiant altar of Vehumet.
  4976 | D:5      | Reached skill level 8 in Axes
  4976 | D:5      | Reached XP level 8. HP: 70/70 MP: 7/7
  4980 | D:5      | Reached **** piety under Trog
  5389 | D:6      | Found a staircase to the Ecumenical Temple.
  5423 | D:6      | Noticed Blork the orc
  5432 | D:6      | Killed Blork the orc
  5749 | D:6      | Found a runed translucent door.
  5769 | D:6      | Found a runed translucent door.
  5784 | D:6      | Reached skill level 5 in Dodging
  5785 | D:6      | Reached skill level 9 in Axes
  5854 | D:7      | Noticed a hippogriff
  5871 | D:7      | Killed a hippogriff
  6026 | D:7      | Found Danoxiech's Book Boutique.
  6032 | D:7      | Noticed a gargoyle
  6044 | D:7      | Killed a gargoyle
  6044 | D:7      | Reached skill level 10 in Axes
  6044 | D:7      | Reached XP level 9. HP: 63/79 MP: 8/8
  6198 | D:7      | Reached ***** piety under Trog
  6569 | D:7      | Found a white marble altar of Elyvilon.
  6654 | D:8      | Reached skill level 11 in Axes
  6704 | D:8      | Noticed Prince Ribbit
  6717 | D:8      | Killed Prince Ribbit
  7270 | D:8      | Identified the +7 short sword "Udeaxum" {vamp, +Inv Str-3
                  | Int-4 Stlth+}
  7363 | D:8      | Found a shimmering blue altar of Sif Muna.
  7382 | D:8      | Paralysed by a hornet for 3 turns
  7952 | D:8      | Reached skill level 12 in Axes
  7952 | D:8      | Reached XP level 10. HP: 70/90 MP: 9/9
  8465 | D:9      | Noticed a two-headed ogre
  8471 | D:9      | Killed a two-headed ogre
  8486 | D:9      | Noticed a gargoyle
  8499 | D:9      | Killed a gargoyle
  8501 | D:9      | Reached skill level 13 in Axes
  8719 | D:9      | Found Qiel's Antique Weapon Shoppe.
  8785 | D:9      | Bought a scorched mace for 168 gold pieces
  8785 | D:9      | Identified the +9 mace "Toiv" {elec, *Noise rElec MR+
                  | Dex+2} (You bought it in a shop on level 9 of the Dungeon)
  9118 | D:10     | Entered Level 10 of the Dungeon
  9127 | D:10     | Slain by a shadow

Illustrated notes

Levels and vault maps discovered:
D:1:      lemuel_arrival_rhombus, layout_loops_cross, minmay_pentomino_t4
D:2:      layout_basic, kennysheep_slug_shrine, minmay_gold_behind_fungi,
          okawaru_gym_becter
D:3:      layout_loops_ring, chequers_temple_overflow_minitemple,
          minmay_diced_spiral
D:4:      layout_loops_cross, first_ration, uniq_eustachio
D:5:      layout_loops_ring, nicolae_overflow_hidden_temple, vehumet_crystals,
          chequers_serial_rivers_large_a
D:6:      lemuel_insect_pit, layout_basic, temple_statues, uniq_blork_the_orc,
          uniq_menkaure
D:7:      layout_rooms, lemuel_crystal_altar, serial_shops,
          nicolae_shop_behind_doors
D:8:      layout_rooms, basic_altar, grunt_ogre_cave, uniq_prince_ribbit1
D:9:      layout_basic, serial_shops, shop, onia_ninara_dug_in_and_dangerous
D:10:     layout_rooms, minmay_orc_entry_temple_small, special_room
          [special_room_orc]

Skill      XL: |  1  2  3  4  5  6  7  8  9 10 |
---------------+-------------------------------+-----
Fighting       | 4 5 6 7 8 9 |  9.8
Axes           | 4 5 6 7 8 10 12 13 | 13.4
Armour         | 3 4 5 7 8 |  8.7
Dodging        | 3 4 5 6 |  6.9
Maces & Flails | |  0.1

Action                   |  1- 3 |  4- 6 |  7- 9 | 10-12 || total
-------------------------+-------+-------+-------+-------++-------
Melee: Hand axe          |    86 |   140 |   251 |       ||   477
       Headbutt          |    21 |    29 |    72 |    22 ||   144
       War axe           |       |       |    37 |    58 ||    95
       Mace              |       |       |       |    11 ||    11
Invok: Berserk           |       |     2 |     5 |     1 ||     8
       Trog's Hand       |       |       |       |     1 ||     1
  Use: Scroll            |       |       |     3 |       ||     3
  Eat: Chunk             |     1 |     4 |    14 |     4 ||    23
       Ration            |       |     1 |     2 |       ||     3
Armor: Animal skin       |     3 |       |       |       ||     3
       Ring mail         |    30 |    48 |    75 |    29 ||   182
Dodge: Dodged            |    41 |    84 |   147 |    70 ||   342
